 Dungeon Crawl Stone Soup version 0.22-a0-231-g1b571ea (webtiles) character file.

34 tidbits the Sneak (level 3, -1/31 HPs)
             Began as a Gnoll Wanderer on Feb 20, 2018.
             Slain by an orc (4 damage)
             ... on level 3 of the Dungeon.
             The game lasted 00:03:45 (373 turns).

tidbits the Sneak (Gnoll Wanderer)                   Turns: 373, Time: 00:03:46

Health: -1/31      AC:  8    Str: 12 (15) XL:     3   Next: 31%
Magic:  4/4        EV:  9    Int: 14 (16) God:
Gold:   27         SH:  0    Dex: 11 (12) Spells: 3/3 levels left

rFire    + . .     SeeInvis .   b - +0 mace
rCold    . . .     Gourm    .   (no shield)
rNeg     . . .     Faith    .   B - +2 scale mail
rPois    .         Spirit   .   (no helmet)
rElec    .         Reflect  .   (no cloak)
rCorr    .         Harm     .   (no gloves)
MR       .....                  (no boots)
Stlth    ++........             (no amulet)
HPRegen  0.10/turn              i - ring of protection from fire
MPRegen  0.09/turn              (no ring)

@: flying
A: distributed training, fangs 1, strong nose
a: no special abilities


You were on level 3 of the Dungeon.
You were not hungry.

You visited 1 branch of the dungeon, and saw 3 of its levels.

You collected 27 gold pieces.

Inventory:

Hand Weapons
 a - a +0 dagger
 b - a +0 mace (weapon)
 e - a +0 short sword
 g - a +2 hand axe of venom
   (You found it on level 1 of the Dungeon)
Missiles
 n - 13 sling bullets
 o - 23 arrows
Armour
 B - a +2 scale mail (worn)
Jewellery
 i - a ring of protection from fire (left hand)
   (You found it on level 2 of the Dungeon)
Scrolls
 h - 2 scrolls of identify {unknown}
 k - a scroll of immolation {unknown}
 p - a scroll of amnesia {unknown}
Potions
 f - a potion of curing
 m - a potion of lignification {unknown}
 q - a potion of heal wounds {unknown}
Comestibles
 c - 5 rations


   Skills:
 + Level 4.5 Fighting
 + Level 0.7 Short Blades
 + Level 0.7 Long Blades
 + Level 0.7 Axes
 + Level 4.5 Maces & Flails
 + Level 0.7 Polearms
 + Level 0.7 Staves
 + Level 0.7 Slings
 + Level 0.7 Bows
 + Level 0.7 Crossbows
 + Level 0.7 Throwing
 + Level 2.6 Armour
 + Level 0.7 Dodging
 + Level 7.8 Stealth
 + Level 2.6 Shields
 + Level 0.7 Unarmed Combat
 + Level 0.7 Spellcasting
 + Level 0.5 Conjurations
 + Level 0.5 Hexes
 + Level 0.5 Charms
 + Level 0.5 Summonings
 + Level 0.5 Necromancy
 + Level 0.5 Translocations
 + Level 0.5 Transmutations
 + Level 0.5 Fire Magic
 + Level 0.5 Ice Magic
 + Level 0.5 Air Magic
 + Level 0.5 Earth Magic
 + Level 0.5 Poison Magic
 + Level 0.9 Invocations
 + Level 0.7 Evocations


You had 3 spell levels left.
You didn't know any spells.

Dungeon Overview and Level Annotations

Branches:
Dungeon (3/15)

Altars:
Qazlal


Innate Abilities, Weirdness & Mutations

Your experience applies equally to all skills.
You have very sharp teeth.
Your uncanny sense of smell can sniff out nearby items.


Message History

The hobgoblin hits you but does no damage.
You barely miss the hobgoblin.
The goblin hits you with a dagger of freezing.
The goblin freezes you. The hobgoblin hits you.
You closely miss the hobgoblin. The goblin closely misses you.
The hobgoblin hits you.
* * * LOW HITPOINT WARNING * * *
You hit the hobgoblin.
The hobgoblin is heavily wounded.
The goblin hits you but does no damage. The hobgoblin hits you.
* * * LOW HITPOINT WARNING * * *
You hit the hobgoblin.
You kill the hobgoblin!
The goblin hits you with a dagger of freezing.
* * * LOW HITPOINT WARNING * * *
The goblin freezes you.
* * * LOW HITPOINT WARNING * * *
You see here a whip.
You feel better.
The goblin hits you with a dagger of freezing.
* * * LOW HITPOINT WARNING * * *
The goblin freezes you.
* * * LOW HITPOINT WARNING * * *
You barely miss the goblin. The orc hits you but does no damage.
The goblin barely misses you. The goblin closely misses you.
The orc hits you but does no damage.
Found a club.
You hit the goblin. You bite the goblin, but do no damage.
The goblin is heavily wounded.
The goblin hits you but does no damage. x2
Press: ? - help, v - describe, . - travel
Here: a goblin, wielding a dagger of freezing (heavily wounded)
The floor.
You sock the goblin!
You kill the goblin!
You closely miss the orc. The orc hits you but does no damage.
You closely miss the orc. The orc closely misses you.
You hit the orc.
The orc is severely wounded.
You completely miss the orc. The orc barely misses you.
You hit the orc.
The orc is almost dead.
The orc closely misses you.
You hit the orc.
You kill the orc!
The adder bites you but does no damage.
You closely miss the adder. The adder bites you but does no damage.
You closely miss the adder. The adder bites you but does no damage.
The adder closely misses you.
You closely miss the adder. The adder bites you but does no damage.
You thump the adder!
The adder is severely wounded.
The adder bites you but does no damage. x2
You hit the adder.
The adder is almost dead.
The adder bites you.
* * * LOW HITPOINT WARNING * * *
You hit the adder.
You kill the adder!
You have reached level 3!
Your experience leads to an increase in your attributes!
Increase (S)trength, (I)ntelligence, or (D)exterity?
Uppercase letters only, please.
You feel clever.
You hit the orc but do no damage.
The orc is severely wounded.
The orc hits you but does no damage.
You hit the orc.
You kill the orc!
You hit the orc but do no damage. Your bite misses the orc.
The orc hits you but does no damage.
You hit the orc. Your bite misses the orc.
The orc is severely wounded.
The orc hits you.
* * * LOW HITPOINT WARNING * * *
You barely miss the orc.
The orc is severely wounded.
The orc hits you.
* * * LOW HITPOINT WARNING * * *
The orc completely misses you.
You closely miss the orc. Your bite misses the orc.
The orc is severely wounded.
The orc hits you but does no damage.
It was a potion of degeneration.
There was something very wrong with that liquid.
You feel weakened.
You feel dopey.
You feel clumsy. The orc hits you.
* * * LOW HITPOINT WARNING * * *
You hit the orc but do no damage.
The orc is severely wounded.
The orc closely misses you.
You hit the orc but do no damage. Your bite misses the orc.
The orc is severely wounded.
The orc hits you.
* * * LOW HITPOINT WARNING * * *
It was a potion of flight.
You feel very buoyant.
You fly up into the air.
The orc hits you but does no damage.
It was a potion of magic.
Magic courses through your body. The orc hits you.
You die...

#.....#
####.....###
.#
..........#)##
.#
...###..#...#
.# #
#o.#.#.### .#
#....#...##.#
#..#####.o@.#
##.. #...####
#.# #.... #.
...#### #.).
..... .....
#....


You could see an orc.

Vanquished Creatures
  An adder (D:3)
  A leopard gecko (D:1)
  3 orcs (D:3)
  2 giant cockroaches
  3 goblins
  2 hobgoblins
  2 kobolds
  2 bats (D:1)
  3 rats
19 creatures vanquished.

Notes
Turn   | Place    | Note
-------+----------+-------------------------------------------
     0 | D:1      | tidbits the Gnoll Wanderer began the quest for the Orb.
     0 | D:1      | tidbits set off with: a +2 scale mail, a +0 mace, a potion of curing, a +0 dagger, a ration
     0 | D:1      | Reached XP level 1. HP: 20/20 MP: 1/1
   107 | D:2      | Reached XP level 2. HP: 17/26 MP: 2/2
   318 | D:2      | Found a stormy altar of Qazlal.
   362 | D:3      | Reached XP level 3. HP: 11/31 MP: 3/3
   371 | D:3      | HP: 2/31 [orc (2)]
   373 | D:3      | Slain by an orc

Vault maps used:
D:1:      roderic_octagonal_star, minmay_quantized
D:2:      nicolae_qazlal_eye_of_the_storm, first_ration
D:3:      minitemple, bloody_trog, tso_altar

Action                   || total
-------------------------++-------
Melee: Mace              ||    84
       Dagger            ||     1
       Bite              ||     6
  Use: Potion            ||     4
 Stab: Sleeping          ||     1
Armor: Scale mail        ||    46
Dodge: Dodged            ||    32

Table legend:
 A = Spawn XP
 B = Non-spawn XP
 C = Spawn XP percentage of total XP
 D = Spawn monster count
 E = Non-spawn monster count
 F = Spawn count percentage of total count
 G = Total turns spent on level
                    A         B        C        D         E        F      G
               +---------+---------+-------+---------+---------+-------+---------
         Total |       0 |      49 |   0.0 |       0 |      19 |   0.0 |   373
               +---------+---------+-------+---------+---------+-------+---------
           D:1 |       0 |      18 |   0.0 |       0 |      10 |   0.0 |   157
           D:2 |       0 |       5 |   0.0 |       0 |       3 |   0.0 |   167
           D:3 |       0 |      26 |   0.0 |       0 |       6 |   0.0 |    49
               +---------+---------+-------+---------+---------+-------+---------

Table legend:
 A = Turns spent in this place as a percentage of turns spent in the entire game.
 B = Non-inter-level travel turns spent in this place as a percentage of non-inter-level travel turns spent in the entire game.
 C = Inter-level travel turns spent in this place as a percentage of turns spent in this place.
 D = Turns resting spent in this place as a percentage of non-inter-level travel turns spent in this place.
 E = Turns spent auto-exploring this place as a percentage of non-inter-level travel turns spent in this place.
 F = Non-inter-level travel turns spent in this place divided by the number of levels of this place that you've seen.
                   A       B       C       D       E      F
               +-------+-------+-------+-------+-------+----------------------
         Total | 100.0 | 100.0 |   0.0 |   0.0 |   0.0 | 124.3
       Dungeon | 100.0 | 100.0 |   0.0 |   0.0 |   0.0 | 124.3
               +-------+-------+-------+-------+-------+----------------------

Table legend:
 A = Kills in this place as a percentage of kills in entire the game.
 B = Kills by you in this place as a percentage of kills by you in the entire game.
 C = Kills by friends in this place as a percentage of kills by friends in the entire game.
 D = Other kills in this place as a percentage of other kills in the entire game.
 E = Experience gained in this place as a percentage of experience gained in the entire game.
 F = Experience gained in this place divided by the number of levels of this place that you have seen.
                   A       B       C       D       E      F
               +-------+-------+-------+-------+-------+----------------------
         Total | 100.0 | 100.0 |   N/A |   N/A | 100.0 |  16.3
       Dungeon | 100.0 | 100.0 |   N/A |   N/A | 100.0 |  16.3
               +-------+-------+-------+-------+-------+----------------------

Vault maps used:
D:1:      roderic_octagonal_star, minmay_quantized
D:2:      nicolae_qazlal_eye_of_the_storm, first_ration
D:3:      minitemple, bloody_trog, tso_altar
